woodfighter, neutral female scurrid Tourist ------ --- ------ --..|.-- --.------- |..|.-- |......| |........-- |.....| --.....-- |.........| ----- ---...-- ---......| --.......-| |...-- |^...| |.......-- --........| |....-- |...-- --#.--....| ---|.....<...| --....----...-- |...|---#.-- --..|.........| --..........>.| - |.-------#.-- |......%....-----..%.......|%-- ^ |.----|.|--.*--#.)---.-----..%.----............--- |...@|#.||......).....| --..(...|........|.---..| ---Y.-#.||-.*...------- |..........[...----- |..| ---.|)||.....-- --..--..|.....-- |..-- |...|--.|..| |..||.---.---- |...-- |...| --|..| ----|.----- ---..| ----- ---- |...| |..| ---.--- ---- |...| --..| ---- woodfighter the Excursionist Experience level: 9 Strength: 15 Dexterity: 12 Constitution: 14 Intelligence: 11 Wisdom: 9 Charisma: 20 Health: 0(45) Energy: 38(38) Def: 10 Gold: 0 Moves: 7854 Dungeon seed: BEiqYizaBEb1COuD Game ID: woodfighter_1518816394 Your Inventory: Amulets j - an uncursed amulet of reflection (being worn) Weapons a - 42 blessed +2 darts (in quiver) w - a rusty +6 dagger named Dagger of Redress (weapon in paw) Armor e - an uncursed +0 dwarvish cloak q - an uncursed +0 pair of jumping boots (being worn) r - a cursed -3 dwarvish cloak v - an uncursed +2 dwarvish cloak (being worn) z - an uncursed +2 elven mithril-coat (being worn) N - an uncursed +0 dwarvish cloak Comestibles c - 2 uncursed food rations d - an uncursed banana G - 3 uncursed tripe rations J - an uncursed cream pie Scrolls X - an uncursed scroll of remove curse Wands n - a wand of sleep (0:8) M - a wand of digging (0:4) Tools m - an expensive camera (0:41) p - an uncursed towel s - an uncursed bag of holding y - an uncursed credit card V - a magic marker (0:77) Contents of the bag of holding: 34 gold pieces a [cursed] [+0] dwarvish cloak a [uncursed] [+0] dwarvish cloak a [uncursed] [+0] dwarvish cloak a [uncursed] [+0] dwarvish cloak a [cursed] [-4] dwarvish cloak a [uncursed] [+0] elven shield 4 uncursed sprigs of wolfsbane a [uncursed] scroll of blank paper a [uncursed] scroll of remove curse 2 [uncursed] potions of gain energy a [uncursed] tallow candle [0:200] Spells and supernatural/magical abilities: Name Level Category Fail Memory W - pray for help -- divine ? -- Y - supernatural jump -- ability ? -- Your skills at the end: Miscellaneous Skills wands [Basic] Weapon Skills dart [Expert] Spellcasting Skills Final Attributes: You were devoutly aligned. You were poison resistant. Your writing paw was ok. You had infravision. You were very stealthy. You could jump. You had reflection. You are dead. Vanquished creatures: 2 giant mimics a stalker a wood golem a tengu a red naga a Grey-elf 2 ettin zombies a giant beetle a black light a quivering blob an ice vortex 2 gnome kings an orc mummy a Green-elf a gold golem a dog a dingo a blue jelly a dust vortex a raven a gnome mummy a snake a bugbear a wood nymph 7 Uruk-hai an orc shaman 2 rock moles 4 fog clouds a violet fungus 6 gnome lords 3 gnomish wizards a kobold mummy a golden naga hatchling 2 guardian naga hatchlings 3 gray oozes 5 elf zombies 9 giant ants a floating eye 2 kittens 16 dwarves 4 iguanas 2 rothes a rabid rat 3 centipedes 4 jitterbugs a giant bat 3 monkeys 4 orc zombies 3 dwarf zombies 4 killer bees 2 coyotes 3 gas spores 8 hobbits 3 large kobolds 2 geckos a giant rat 4 cave spiders 5 brown molds 3 yellow molds 7 green molds 3 red molds 29 gnomes 2 gnome zombies 12 jackals 2 foxes a kobold 12 newts 3 goblins 2 sewer rats 13 grid bugs 2 bats 4 lichens 3 kobold zombies 246 creatures vanquished. Voluntary challenges: You did not cause conflict. You were not invisible. You did not have reflection until turn 4576. You were not displaced. You used a wielded weapon 5 times, starting on turn 5588. You did not apply a unicorn horn. You did not use plumbed fixtures. You did not drink any magical draughts. You read items or engraved 4 times, starting on turn 2338. You never genocided any monsters. You never polymorphed an object. You never changed form. You completed Sokoban on turn 4509, according to the rules. You used no wishes. You never split a pudding. You never wrote Elbereth's name. You never violated your personal moral code. Dungeon overview: The Dungeons of Doom: levels 1 to 8 Level 1 a fountain a long staircase Level 2 an altar to The Lady Level 3 a fountain Level 4 (water) an altar to Blind Io, a fountain stairs to The Gnomish Mines Level 5 a scroll shop, a fountain Level 6 many fountains Level 7 stairs to Sokoban Level 8 The Gnomish Mines: levels 5 to 12 Level 5 stairs to The Dungeons of Doom Level 6 Level 7 Level 8 many shops, a temple to Offler, a magic chest, some fountains, a sink Level 9 Level 10 Level 11 <- You were here Level 12 Sokoban: levels 3 to 6 Level 3 a magic chest Level 4 Level 5 Level 6 an altar to Blind Io, a magic chest stairs to The Dungeons of Doom History has recorded: On T:1 you entered the Dungeons of Doom to retrieve the Amulet of Yendor! On T:2 you reached level 2 of The Dungeons of Doom. On T:247 you reached level 3 of The Dungeons of Doom. On T:701 you reached level 4 of The Dungeons of Doom. On T:703 you advanced to experience level 2. On T:887 you advanced to experience level 3. On T:1114 you reached level 1 of The Gnomish Mines. On T:1123 you advanced to experience level 4. On T:1152 you reached level 5 of The Dungeons of Doom. On T:1348 you reached level 6 of The Dungeons of Doom. On T:1534 you advanced to experience level 5. On T:1670 you reached level 7 of The Dungeons of Doom. On T:2060 you reached level 8 of The Dungeons of Doom. On T:2063 you advanced to experience level 6. On T:2252 you reached level 4 of Sokoban. On T:2334 you opened a magic chest. On T:2766 you reached level 3 of Sokoban. On T:3138 you reached level 2 of Sokoban. On T:3693 you advanced to experience level 7. On T:3708 you reached level 1 of Sokoban. On T:4509 you advanced to experience level 8. On T:4509 you entered the Sokoban zoo. On T:4967 you reached level 2 of The Gnomish Mines. On T:5785 you reached level 3 of The Gnomish Mines. On T:6270 you reached level 4 of The Gnomish Mines. On T:6415 you entered the Minetown temple On T:6779 you reached level 5 of The Gnomish Mines. On T:7254 you reached level 6 of The Gnomish Mines. On T:7365 you advanced to experience level 9. On T:7499 you reached level 7 of The Gnomish Mines. On T:7766 you reached level 8 of The Gnomish Mines. On T:7766 you reached the bottom of the Mines. Score breakdown: Gold: 0 ( 0 points) Experience: 9 levels ( 800 points) Exploration: 12 levels ( 330 points) Discoveries: 21 items ( 1050 points) Variety of kills: 73 monsters ( 2000 points) Major goal: Sokoban/Mines ( 1500 points) Survival: died (score multiplied by 3) Total score: 17040 Latest messages: The gnome king punches you! The dart hits the gnome king! You throw 2 darts. The 1st dart hits the gnome king! The 2nd dart hits the gnome king! You kill the gnome king! X - a scroll called remove curse, enchant a. a - 4 blessed +2 darts (in quiver). There are a few more objects here. You stop exploring. You throw 2 darts. The 1st dart hits the owlbear! The 2nd dart hits the owlbear! The owlbear just misses! The owlbear punches you! You throw 2 darts. The 1st dart hits the owlbear! The 2nd dart hits the owlbear! You stab the owlbear. Your paws stop glowing red. The owlbear appears confused. The owlbear punches you! (2x) You die... Final status: Aloha woodfighter the Tourist, killed by an owlbear... You died in The Gnomish Mines on dungeon level 11 with 17040 points, and 34 pieces of gold, after 7854 moves. You were level 9 with a maximum of 45 hit points when you died.